[Event "Titled Tuesday Blitz February 07 Late 2023"]
[White "Rose, Felix"]
[Black "Reprintsev, Alexander"]
[WhiteFideId "5105722"]
[BlackFideId "14100541"]
[WhiteElo "2091"]
[BlackElo "2253"]
[Result "0-1"]
[Round "07"]
[TimeControl "180+2"]
[Date "2023.02.07"]
[WhiteClock "0:02:03"]
[BlackClock "0:02:06"]

1. e4 d5 2. exd5 Qxd5 3. Nc3 Qa5 4. d4 Nf6 5. Bd2 Bg4 6. Nf3 e6 7. h3 Bxf3 8. Qxf3 c6 9. Bc4 Nbd7 10. Qg3 Nb6 11. Nb5 Qxd2+ 12. Kxd2 Ne4+ 13. Kd3 Nxg3 14. fxg3 cxb5 15. Bxb5+ Nd7 0-1


[Site "https://www.chess.com"]

[Event "Titled Tuesday Blitz February 07 Late 2023"]
[White "Olsson, William"]
[Black "Dauner, Benedikt"]
[WhiteFideId "1741721"]
[BlackFideId "16225899"]
[WhiteElo "2355"]
[BlackElo "2400"]
[Result "0-1"]
[Round "07"]
[TimeControl "180+2"]
[Date "2023.02.07"]
[WhiteClock "0:00:08"]
[BlackClock "0:00:37"]

1. c4 c5 2. g3 g6 3. Bg2 Bg7 4. Nf3 Nc6 5. O-O d6 6. Nc3 Bxc3 7. bxc3 Qd7 8. d4 b6 9. e4 e5 10. a4 f6 11. a5 Nxa5 12. dxe5 dxe5 13. Qe2 Qe6 14. Nd2 Ba6 15. f4 Ne7 16. f5 Qf7 17. fxg6 hxg6 18. g4 g5 19. Qf2 Rh6 20. Nf3 Qg7 21. Rxa5 bxa5 22. Qxc5 Rc8 23. Qxa5 Bxc4 24. Rd1 Nc6 25. Qa4 Be2 26. Rd6 Qc7 27. Ba3 Qb6+ 28. Kh1 Kf7 29. Qc2 Bxf3 30. Bxf3 Rch8 31. Rd7+ Kg6 32. Rd2 Qe3 33. Rf2 Qe1+ 0-1


[Site "https://www.chess.com"]

[Event "Titled Tuesday Blitz February 07 Late 2023"]
[White "Cueto, Jonny"]
[Black "Sonnenschein, Philipp"]
[WhiteFideId "3300145"]
[BlackFideId "16250877"]
[WhiteElo "2122"]
[BlackElo "2224"]
[Result "1-0"]
[Round "07"]
[TimeControl "180+2"]
[Date "2023.02.07"]
[WhiteClock "0:00:07"]
[BlackClock "0:00:28"]

1. d4 Nf6 2. Bf4 d5 3. e3 c5 4. Nf3 Nc6 5. Nbd2 cxd4 6. exd4 Bf5 7. c3 e6 8. Ne5 Bd6 9. Ndf3 O-O 10. Bd3 Re8 11. O-O Ne4 12. Nd2 Bxe5 13. Bxe5 Nxc3 14. Qf3 Bxd3 15. Qxd3 Na4 16. b3 Nxe5 17. dxe5 Nc5 18. Qg3 Rc8 19. f4 g6 20. Nf3 Ne4 21. Qh3 Qb6+ 22. Kh1 Nf2+ 23. Rxf2 Qxf2 24. Qh6 Rc2 25. Rg1 Qe2 26. h4 Rec8 27. h5 Rc1 28. hxg6 hxg6 29. Qg5 Rxg1+ 30. Kxg1 Rc1+ 31. Kh2 Qf2 32. Qd8+ Kh7 33. Ng5+ Kg7 34. Qf6+ Kh6 35. Qh8# 1-0


[Site "https://www.chess.com"]

[Event "Titled Tuesday Blitz February 07 Late 2023"]
[White "Dragomirescu, Angela"]
[Black "Mione, Dario"]
[WhiteFideId "1209914"]
[BlackFideId "806625"]
[WhiteElo "2130"]
[BlackElo "2228"]
[Result "1-0"]
[Round "07"]
[TimeControl "180+2"]
[Date "2023.02.07"]
[WhiteClock "0:00:24"]
[BlackClock "0:00:01"]

1. e4 e5 2. Nf3 Nf6 3. Nxe5 d6 4. Nf3 Nxe4 5. d4 d5 6. Bd3 Bg4 7. O-O Be7 8. Re1 f5 9. c4 c6 10. Nc3 O-O 11. cxd5 cxd5 12. Qb3 Nxc3 13. Ne5 Ne4 14. Nxg4 Nc6 15. Ne3 Nxd4 16. Qxd5+ Kh8 17. Qxd8 Raxd8 18. Nc2 Nb3 19. axb3 Rxd3 20. Rxa7 Rxb3 21. Nd4 Rd3 22. Ne6 Re8 23. Be3 b5 24. g3 Bf6 25. Nc7 Rb8 26. Nxb5 Rxb5 27. Ra8+ Rd8 28. Rea1 Rbb8 29. Rxb8 Rxb8 30. Ra5 g6 31. Ra7 Bxb2 32. Kg2 Bg7 33. Kf3 Nf6 34. h4 Nd5 35. Bc5 Rc8 36. Bd6 Nc3 37. Rb7 Ne4 38. Bf4 Rc3+ 39. Kg2 Rc8 40. Be3 Bf6 41. Rf7 Kg8 42. Rd7 Nc5 43. Rd5 Ne4 44. h5 Re8 45. Rd7 Re7 46. Rd8+ Kf7 47. Rd3 gxh5 48. Rd5 Kg6 49. Rb5 Rf7 50. Kf3 Ng5+ 51. Kg2 Ne4 52. Rb4 Ng5 53. Rf4 Re7 54. Rc4 Ne4 55. Rc6 Ng5 56. Bf4 Ne6 57. Rc8 Nxf4+ 58. gxf4 Rg7 59. Kf3 Bh4 60. Rc5 Bf6 61. Rc6 Rf7 62. Rd6 Re7 63. Rc6 Rd7 64. Rb6 Rd3+ 65. Kg2 Rd7 66. Rc6 Rb7 67. Rd6 Rb4 68. Kf3 Rb3+ 69. Kg2 Rc3 70. Rb6 Rc4 71. Kf3 h4 72. Ra6 h3 73. Rb6 h2 74. Rb1 Rc3+ 75. Kg2 Rc4 76. Kxh2 Rxf4 77. Kg3 Rg4+ 78. Kf3 h5 79. Rb6 h4 80. Rb8 Bg5 81. Rg8+ Kf7 82. Rh8 Kg7 83. Rb8 h3 84. Rb7+ Kg6 85. Rb1 Rh4 86. Rh1 1-0


[Site "https://www.chess.com"]

[Event "Titled Tuesday Blitz February 07 Late 2023"]
[White "Jimenez Almeida, Luis David"]
[Black "Jeziel_Vale"]
[WhiteFideId "22242244"]
[WhiteElo "2242"]
[BlackElo "2276"]
[Result "1-0"]
[Round "07"]
[TimeControl "180+2"]
[Date "2023.02.07"]
[WhiteClock "0:02:38"]
[BlackClock "0:01:53"]

1. e4 c5 2. Nc3 a6 3. Nge2 g6 4. d4 cxd4 5. Qxd4 Nf6 6. e5 Nc6 7. Qf4 Qc7 8. exf6 Qxf4 9. Bxf4 e5 10. Nd5 Bd6 11. Bh6 b5 12. O-O-O Bb8 13. Nb6 1-0


[Site "https://www.chess.com"]

[Event "Titled Tuesday Blitz February 07 Late 2023"]
[White "Fiorito, Francisco"]
[Black "Talbi, Chafik"]
[WhiteFideId "180165"]
[BlackFideId "7903715"]
[WhiteElo "2305"]
[BlackElo "2224"]
[Result "1-0"]
[Round "07"]
[TimeControl "180+2"]
[Date "2023.02.07"]
[WhiteClock "0:01:06"]
[BlackClock "0:00:17"]

1. d4 d6 2. e4 e5 3. dxe5 dxe5 4. Qxd8+ Kxd8 5. Bc4 f6 6. Nc3 c6 7. a4 Bd6 8. f3 Ke7 9. Nge2 Be6 10. Bxe6 Kxe6 11. Be3 Nd7 12. a5 Bc5 13. Bxc5 Nxc5 14. Kf2 Ne7 15. Rhd1 Rhd8 16. Rxd8 Rxd8 17. Ke1 Nc8 18. b4 Na6 19. Rb1 Nd6 20. b5 cxb5 21. Nxb5 Nxb5 22. Rxb5 Rd7 23. Nc3 Kd6 24. Nd5 Kc6 25. c4 Nc5 26. Ke2 Ne6 27. Ke3 Nd4 28. Nb4+ Kc7 29. Rc5+ Kb8 30. a6 b6 31. Rd5 Kc7 32. f4 Nb3 33. fxe5 fxe5 34. Rxe5 Nc5 35. Nd5+ Kd6 36. Re8 Nxa6 37. Kd4 Nb4 38. Nxb4 Kc7+ 39. Nd5+ Kb7 40. e5 Kc6 41. e6 Rb7 42. e7 Kd6 43. Rd8+ 1-0


[Site "https://www.chess.com"]

[Event "Titled Tuesday Blitz February 07 Late 2023"]
[White "Tinmaz, Kerem"]
[Black "Ramirez Allo, Eduardo"]
[WhiteFideId "44559151"]
[BlackFideId "2224178"]
[WhiteElo "2177"]
[BlackElo "2274"]
[Result "0-1"]
[Round "07"]
[TimeControl "180+2"]
[Date "2023.02.07"]
[WhiteClock "0:00:02"]
[BlackClock "0:00:07"]

1. e4 c5 2. Nc3 a6 3. Nf3 d6 4. d4 cxd4 5. Nxd4 Nf6 6. Bg5 Nbd7 7. f4 Qc7 8. Qf3 h6 9. Bh4 g5 10. fxg5 hxg5 11. Bxg5 Qc5 12. Be3 Ne5 13. Qe2 Neg4 14. Nf5 Nxe3 15. Qxe3 Qb4 16. Bd3 Bxf5 17. exf5 Bh6 18. Qf3 Qxb2 19. O-O Kf8 20. Ne4 Bg7 21. Rab1 Qe5 22. h3 Rb8 23. Nxf6 Bxf6 24. Rxb7 Rc8 25. Kh1 Qd4 26. Rbb1 Be5 27. Rbe1 f6 28. Re4 Qc3 29. Rg4 Qd2 30. Qd5 Rxh3+ 31. Kg1 Bh2+ 32. Kh1 Bg3+ 33. Kg1 Bh2+ 34. Kh1 Be5+ 35. Kg1 Rh8 36. Rf3 Qh6 37. Kf1 Qc1+ 38. Ke2 Qh1 39. Rfg3 Bxg3 40. Rxg3 Qh5+ 41. Qf3 Qf7 42. Qg4 Rg8 43. Qxg8+ Qxg8 44. Rxg8+ Kxg8 45. Kd2 a5 46. c4 Kg7 47. Kc3 Kh6 48. Kd4 Kg5 49. Kd5 Rc5+ 50. Ke6 Re5+ 51. Kd7 Kf4 52. a4 Kg3 0-1


[Site "https://www.chess.com"]

[Event "Titled Tuesday Blitz February 07 Late 2023"]
[White "Vaglio Munoz, Jaime"]
[Black "Garcia Almaguer, Juan Manuel"]
[WhiteFideId "6500145"]
[BlackFideId "5110491"]
[WhiteElo "2174"]
[BlackElo "2090"]
[Result "0-1"]
[Round "07"]
[TimeControl "180+2"]
[Date "2023.02.07"]
[WhiteClock "0:00:13"]
[BlackClock "0:00:24"]

1. d4 Nf6 2. c4 e6 3. Nc3 Bb4 4. Bd2 b6 5. f3 c5 6. e3 Bb7 7. Nge2 O-O 8. a3 Bxc3 9. Bxc3 d5 10. dxc5 bxc5 11. Nf4 Nbd7 12. Be2 d4 13. Bd2 e5 14. Nh3 e4 15. fxe4 Nxe4 16. O-O Ne5 17. Nf4 Rb8 18. b4 d3 19. Bf3 Nxc4 20. Bxe4 Bxe4 21. bxc5 Rb2 22. Rf2 Qc7 23. Rc1 Nxa3 24. Bb4 Nc2 25. Nxd3 Bxd3 26. Qxd3 Nxb4 27. Qd4 Rxf2 28. Kxf2 Nc6 29. Qa4 Rd8 30. Rc2 h5 31. g3 Ne5 32. c6 Ng4+ 33. Ke2 Re8 34. Rc3 Nxh2 35. Qf4 Qxf4 36. gxf4 Rc8 37. Kf2 Ng4+ 38. Kf3 Kf8 39. e4 Ke7 40. e5 g6 41. Ke4 Ke6 42. Kd4 h4 43. Kc5 h3 44. Rxh3 g5 45. Rd3 gxf4 46. Rd7 Rxc6+ 47. Kxc6 Nxe5+ 48. Kc5 Nxd7+ 49. Kd4 Kf5 0-1


[Site "https://www.chess.com"]

[Event "Titled Tuesday Blitz February 07 Late 2023"]
[White "Clawitter, Craig"]
[Black "Fernandez Siles, Luis"]
[WhiteFideId "2023105"]
[BlackFideId "2209420"]
[WhiteElo "2050"]
[BlackElo "2218"]
[Result "0-1"]
[Round "07"]
[TimeControl "180+2"]
[Date "2023.02.07"]
[WhiteClock "0:00:03"]
[BlackClock "0:00:24"]

1. e4 c5 2. Nf3 Nc6 3. d4 cxd4 4. Nxd4 Nf6 5. Nc3 e5 6. Ndb5 d6 7. Bg5 a6 8. Na3 b5 9. Bxf6 gxf6 10. Nd5 f5 11. Bd3 Be6 12. O-O Bg7 13. Qh5 f4 14. c4 Nd4 15. cxb5 O-O 16. bxa6 f5 17. Rac1 Bxd5 18. exd5 e4 19. Bc4 f3 20. g3 Rf6 21. Qg5 Qf8 22. Nc2 Rg6 23. Qd2 Nxc2 24. Rxc2 Be5 25. Rfc1 f4 26. Bb5 e3 27. Qd3 exf2+ 28. Rxf2 fxg3 29. Rxf3 gxh2+ 30. Kh1 Qh6 31. Rcf1 Kh8 32. Rh3 Rag8 0-1


[Site "https://www.chess.com"]

[Event "Titled Tuesday Blitz February 07 Late 2023"]
[White "Smith, Garrett L"]
[Black "Tyagi, Kushan"]
[WhiteFideId "2024829"]
[BlackFideId "2040069"]
[WhiteElo "2047"]
[BlackElo "2060"]
[Result "1-0"]
[Round "07"]
[TimeControl "180+2"]
[Date "2023.02.07"]
[WhiteClock "0:01:31"]
[BlackClock "0:01:03"]

1. e4 c5 2. a3 Nc6 3. b4 cxb4 4. axb4 Nxb4 5. d4 d5 6. c3 Nc6 7. exd5 Qxd5 8. Na3 Nf6 9. Nb5 Qd8 10. d5 Ne5 11. Bf4 Nfd7 12. Nf3 f6 13. Nfd4 Qb6 14. Ne6 Kf7 15. Nbc7 Rb8 16. Be3 Qb2 17. f4 Qxc3+ 18. Kf2 Ng4+ 19. Qxg4 Qxa1 20. Nd8+ Kg8 21. Qe6# 1-0


[Site "https://www.chess.com"]

[Event "Titled Tuesday Blitz February 07 Late 2023"]
[White "Li, Hui"]
[Black "lisjakzlatko1"]
[WhiteFideId "15400310"]
[WhiteElo "1963"]
[BlackElo "2213"]
[Result "0-1"]
[Round "07"]
[TimeControl "180+2"]
[Date "2023.02.07"]
[WhiteClock "0:00:01"]
[BlackClock "0:00:12"]

1. e4 d6 2. d4 Nf6 3. Nc3 c6 4. Nf3 Bg4 5. Be2 e6 6. O-O Be7 7. Be3 d5 8. e5 Nfd7 9. Nd2 Bf5 10. Na4 b5 11. Nc3 O-O 12. Nb3 a5 13. a4 b4 14. Nb1 f6 15. f4 fxe5 16. dxe5 c5 17. N1d2 d4 18. Bf2 Nc6 19. Bc4 Nb6 20. Bb5 Rc8 21. Nc4 Nd5 22. Re1 Nxf4 23. Nc1 Bg6 24. Nd3 Nd5 25. Bg3 Bg5 26. Nd6 Ne3 27. Qe2 Rc7 28. b3 Ne7 29. h4 Bh6 30. Nb2 N7f5 31. Bf2 Nxh4 32. Nbc4 Nhxg2 33. Nxe3 Nxe3 34. Bxe3 Bxe3+ 35. Kh1 Qh4+ 36. Qh2 Qg4 37. Rg1 Bxg1 38. Rxg1 Qf3+ 39. Qg2 Qxg2+ 40. Rxg2 Rf1+ 41. Kh2 Re7 42. Bc4 Bf5 43. Kg3 h5 44. Kh4 Bg4 45. Kg3 g5 0-1


[Site "https://www.chess.com"]

[Event "Titled Tuesday Blitz February 07 Late 2023"]
[White "Prieto Aranguren, Alain"]
[Black "Liu, Leonardo"]
[WhiteFideId "2268906"]
[BlackFideId "30965780"]
[WhiteElo "2258"]
[BlackElo "1919"]
[Result "1-0"]
[Round "07"]
[TimeControl "180+2"]
[Date "2023.02.07"]
[WhiteClock "0:00:18"]
[BlackClock "0:00:10"]

1. e4 c5 2. Bc4 g6 3. Qf3 e6 4. Nc3 Bg7 5. Nb5 d6 6. Qg3 e5 7. d3 a6 8. Nc3 Ne7 9. Bg5 h6 10. Be3 b5 11. Bb3 Bb7 12. h4 Nd7 13. h5 g5 14. Nd5 Nxd5 15. Bxd5 Bxd5 16. exd5 f5 17. Qh3 O-O 18. c4 e4 19. dxe4 Bxb2 20. Rb1 Bc3+ 21. Kf1 Ne5 22. cxb5 axb5 23. Ne2 b4 24. Nxc3 bxc3 25. exf5 Rxa2 26. g4 c4 27. Kg2 Qa8 28. Rbd1 c2 29. Rd4 Nd3 30. Qg3 Rf6 31. Qf3 Ra1 32. Rxa1 Qxa1 33. Qe4 c1=Q 34. Bxc1 Qxc1 35. Rxc4 Ne1+ 36. Kf1 Qd1 37. Rc8+ Rf8 38. Qe6+ Kh7 39. Qg6+ Kh8 40. Rxf8# 1-0


[Site "https://www.chess.com"]

[Event "Titled Tuesday Blitz February 07 Late 2023"]
[White "Jorajuria Mendoza, Algol"]
[Black "Curtis, John"]
[WhiteFideId "5128897"]
[BlackFideId "3200256"]
[WhiteElo "2069"]
[BlackElo "2292"]
[Result "1-0"]
[Round "07"]
[TimeControl "180+2"]
[Date "2023.02.07"]
[WhiteClock "0:00:12"]
[BlackClock "0:00:29"]

1. e4 c5 2. Nf3 d6 3. d4 cxd4 4. Nxd4 Nf6 5. Nc3 Nc6 6. Bg5 e5 7. Nb3 Be7 8. Bxf6 Bxf6 9. Nd5 Bg5 10. Be2 O-O 11. Bg4 Be6 12. O-O Rc8 13. h3 g6 14. c3 f5 15. exf5 gxf5 16. Bh5 Ne7 17. Nxe7+ Qxe7 18. Re1 Rfd8 19. Qd3 e4 20. Qg3 f4 21. Qh2 d5 22. Nd4 Bd7 23. h4 Bh6 24. Rad1 Rf8 25. g3 Bg7 26. gxf4 Qf6 27. Kh1 Qxf4 28. Rg1 Kh8 29. Qxf4 Rxf4 30. Rg2 Bxd4 31. Rxd4 Rxh4+ 32. Rh2 Rxh2+ 33. Kxh2 Bc6 34. Kg3 Rf8 35. Bg4 b5 36. a3 Rf6 37. Rd2 Kg7 38. Bh3 Kg6 39. Bg2 Kg5 40. f3 e3 41. Re2 d4 42. cxd4 Kf5 43. Rxe3 Rd6 44. Re5+ Kf6 45. Bh3 Rxd4 46. Re6+ Kg5 47. Rxc6 h5 48. Rc5+ Kh6 49. Rxb5 h4+ 50. Kf2 Rd2+ 51. Ke3 Rh2 52. Bg4 a6 53. Rb6+ Kg5 54. Rxa6 h3 55. Ra5+ Kh4 56. Rh5+ Kg3 57. Rxh3+ Rxh3 58. Bxh3 Kh4 59. a4 Kg5 60. a5 Kh4 61. a6 Kxh3 62. a7 Kg3 63. a8=Q Kg2 64. Qg8+ Kf1 65. f4 Ke1 66. Qg1# 1-0


[Site "https://www.chess.com"]

[Event "Titled Tuesday Blitz February 07 Late 2023"]
[White "Rizzo, Tobias"]
[Black "Necula, Iulian"]
[WhiteFideId "30942691"]
[BlackFideId "1232380"]
[WhiteElo "1867"]
[BlackElo "1851"]
[Result "1-0"]
[Round "07"]
[TimeControl "180+2"]
[Date "2023.02.07"]
[WhiteClock "0:00:04"]
[BlackClock "0:00:46"]

1. d4 f5 2. e4 fxe4 3. Nc3 Nf6 4. Bg5 g6 5. f3 d5 6. Bxf6 exf6 7. fxe4 dxe4 8. Nxe4 Bg7 9. Nf3 O-O 10. Bd3 f5 11. Neg5 Re8+ 12. Kf1 Bf6 13. Bc4+ Kg7 14. h4 h6 15. Nh3 Be6 16. Bxe6 Rxe6 17. Nf4 Re4 18. g3 Nc6 19. d5 Ne5 20. Ne6+ Kf7 21. Nxd8+ Rxd8 22. Kg2 Nxf3 23. Qxf3 Rxd5 24. Rad1 Rde5 25. Rd7+ Re7 26. Rxe7+ Bxe7 27. Rd1 Bd6 28. Qb3+ Kf6 29. Kf3 b6 30. Qc3+ Be5 31. Qc6+ Bd6 32. Rd2 Re6 33. Qd7 Re7 34. Qd8 Ke6 35. Qg8+ Kf6 36. Re2 Rxe2 37. Kxe2 g5 38. Qh8+ Kg6 39. Kf3 g4+ 40. Kf2 Be5 41. Qxe5 1-0


[Site "https://www.chess.com"]

[Event "Titled Tuesday Blitz February 07 Late 2023"]
[White "Gerbelli Neto, Eduardo"]
[Black "Manu_ChessExcelsior"]
[WhiteFideId "2103281"]
[WhiteElo "2114"]
[BlackElo "1881"]
[Result "1-0"]
[Round "07"]
[TimeControl "180+2"]
[Date "2023.02.07"]
[WhiteClock "0:00:19"]
[BlackClock "0:00:01"]

1. e4 e5 2. Nf3 Nc6 3. d4 exd4 4. Nxd4 Nf6 5. Nxc6 bxc6 6. e5 Qe7 7. Qe2 Nd5 8. c4 Ba6 9. h4 Qb4+ 10. Kd1 Nb6 11. b3 O-O-O 12. Qf3 Qe7 13. Bb2 Bb7 14. Bd3 d6 15. Re1 dxe5 16. Rxe5 Qxh4 17. Nd2 Bb4 18. g3 Qh6 19. Re2 Rxd3 20. Qxd3 Rd8 21. Qe3 Qh5 22. Kc2 Nd7 23. f3 Bc5 24. Qe4 Bd6 25. Qg4 Qh6 26. Ne4 Kb8 27. Qxg7 Qh3 28. Qg4 Qh6 29. Nxd6 cxd6 30. Rd1 Bc8 31. Qe4 Kc7 32. Qe7 Qg6+ 33. Kc1 Qxg3 34. Qxf7 Rf8 35. Qxh7 Qxf3 36. Re7 Qf4+ 37. Kb1 1-0


[Site "https://www.chess.com"]

[Event "Titled Tuesday Blitz February 07 Late 2023"]
[White "Sadovsky, Artem"]
[Black "Castillo Pena, Patricia Evarista"]
[WhiteFideId "4155840"]
[BlackFideId "6412106"]
[WhiteElo "2276"]
[BlackElo "1783"]
[Result "1-0"]
[Round "07"]
[TimeControl "180+2"]
[Date "2023.02.07"]
[WhiteClock "0:00:32"]
[BlackClock "0:00:14"]

1. Nf3 c5 2. e3 d5 3. b3 Nc6 4. Bb2 Bg4 5. Be2 e6 6. d3 Nf6 7. Nbd2 Bd6 8. h3 Bh5 9. O-O O-O 10. e4 dxe4 11. dxe4 Bf4 12. e5 Nd7 13. Nc4 Qc7 14. Qd6 Qxd6 15. exd6 b5 16. Ne3 a6 17. Rad1 Nb6 18. Ng4 Bxg4 19. hxg4 Rad8 20. Ba3 Bxd6 21. Rxd6 Rxd6 22. Bxc5 Nc8 23. Bxd6 Nxd6 24. c4 bxc4 25. bxc4 a5 26. c5 Ne4 27. Rc1 Rc8 28. Ba6 Rc7 29. a3 Ne7 30. c6 Rxc6 31. Rxc6 Nxc6 32. Bb7 Nf6 33. Bxc6 Nxg4 34. Nd4 Ne5 35. Bb5 Kf8 36. Nb3 Ke7 37. Nxa5 Kd6 38. Nc4+ Nxc4 39. Bxc4 Kc5 40. Bb3 1-0


[Site "https://www.chess.com"]

[Event "Titled Tuesday Blitz February 07 Late 2023"]
[White "Ward, Ieuan C"]
[Black "Ansh M Shah"]
[WhiteFideId "406627"]
[BlackFideId "25033379"]
[WhiteElo "2028"]
[BlackElo "2171"]
[Result "1-0"]
[Round "07"]
[TimeControl "180+2"]
[Date "2023.02.07"]
[WhiteClock "0:00:04"]
[BlackClock "0:00:02"]

1. d4 Nf6 2. c4 e6 3. Nf3 d5 4. Nc3 Be7 5. Bg5 O-O 6. e3 c6 7. Rc1 Nbd7 8. a3 h6 9. Bh4 Re8 10. Qc2 a5 11. Be2 dxc4 12. Bxc4 b5 13. Bd3 Bb7 14. O-O Nb6 15. Ne4 Nxe4 16. Bxe7 Qxe7 17. Bxe4 Rac8 18. Ne5 Nd7 19. Nxd7 Qxd7 20. Qc5 Rc7 21. Rc2 Rec8 22. Rfc1 Qe8 23. h3 Qf8 24. Qb6 a4 25. Bd3 Rd7 26. Be2 Qd6 27. Bxb5 e5 28. dxe5 Qxe5 29. Bxa4 Rcd8 30. g3 c5 31. Bxd7 Rxd7 32. Rc4 Qd5 33. e4 Qd2 34. Qxc5 Qe2 35. Qe3 Qxb2 36. Rf1 Ba6 37. Rcc1 1-0


[Site "https://www.chess.com"]

[Event "Titled Tuesday Blitz February 07 Late 2023"]
[White "Antonova, Nadezhda"]
[Black "Hoffmann, Asa"]
[WhiteFideId "14700182"]
[BlackFideId "2001470"]
[WhiteElo "1945"]
[BlackElo "2185"]
[Result "0-1"]
[Round "07"]
[TimeControl "180+2"]
[Date "2023.02.07"]
[WhiteClock "0:00:01"]
[BlackClock "0:01:12"]

1. Nf3 d6 2. d4 Bg4 3. c4 Nd7 4. Nbd2 Ngf6 5. e4 e5 6. d5 Nc5 7. Qe2 a5 8. h3 Bh5 9. Qe3 Be7 10. Bd3 O-O 11. O-O Bg6 12. b3 Nfd7 13. Bb2 Nxd3 14. Qxd3 Nc5 15. Qe3 f5 16. exf5 Bxf5 17. a3 e4 18. Nd4 Bg5 19. Qe2 Bg6 20. b4 axb4 21. axb4 Nd3 22. Bc3 Rxa1 23. Bxa1 Qe7 24. Ne6 Bxd2 25. Nxf8 Bxb4 26. Ne6 c6 27. Nxg7 cxd5 28. cxd5 Qg5 29. Ne6 Qxd5 30. Qg4 Qf5 31. Qxf5 Bxf5 32. Nd4 Bg6 33. Rb1 b6 34. Ne2 Bc5 35. Bd4 Kf7 36. Be3 Ke6 37. Nf4+ Nxf4 38. Bxf4 d5 39. Re1 Kf5 40. Be3 d4 41. Bc1 h5 42. Kf1 Bf7 43. Rd1 Bc4+ 44. Ke1 b5 45. Bd2 b4 46. Rc1 e3 47. Rxc4 exd2+ 48. Kxd2 Bd6 49. Rxd4 Ke5 50. Rc4 Kd5 51. Rh4 Bc5 52. Rxh5+ Kc4 0-1


[Site "https://www.chess.com"]

[Event "Titled Tuesday Blitz February 07 Late 2023"]
[White "Jarocka, Liwia"]
[Black "Alexikov, Alexander"]
[WhiteFideId "21807558"]
[BlackFideId "14103958"]
[WhiteElo "2225"]
[BlackElo "2209"]
[Result "1-0"]
[Round "07"]
[TimeControl "180+2"]
[Date "2023.02.07"]
[WhiteClock "0:00:46"]
[BlackClock "0:00:07"]

1. e4 c5 2. Nf3 d6 3. d4 cxd4 4. Nxd4 Nf6 5. Nc3 a6 6. Be3 Ng4 7. Bc1 Nc6 8. f3 Qb6 9. fxg4 Qxd4 10. Be2 Qxd1+ 11. Bxd1 e6 12. O-O Be7 13. Bf4 b5 14. a3 Bb7 15. Bf3 Rc8 16. Rfd1 Ne5 17. Rab1 g5 18. Bg3 h6 19. h3 Rc7 20. Rd4 O-O 21. Rbd1 Rfc8 22. Bxe5 dxe5 23. Rd7 Kf8 24. Nb1 Ke8 25. Rxc7 Rxc7 26. c3 a5 27. Kh2 b4 28. axb4 axb4 29. Kg3 Bc5 30. Rc1 Be3 31. Rd1 Rd7 32. Rxd7 Kxd7 33. cxb4 Ba6 34. Nc3 Bd3 35. Be2 Bxe2 36. Nxe2 Kc6 37. Kf3 Bd2 38. Nc3 Bc1 39. Na4 Kb5 40. Nc5 Bxb2 41. Nd7 Kxb4 42. Nf6 Kc4 43. Ng8 Ba3 44. Nxh6 f6 45. Ng8 f5 46. gxf5 exf5 47. exf5 Kd3 48. Nf6 Be7 49. Ne4 Bd8 50. g4 Kd4 51. f6 Kd3 52. f7 Be7 53. Nxg5 Bf8 54. Ne4 Be7 55. g5 Bf8 56. h4 Be7 57. h5 Bf8 58. h6 Kd4 59. h7 Bg7 60. g6 Kd3 61. h8=Q Bxh8 62. f8=Q 1-0


[Site "https://www.chess.com"]

[Event "Titled Tuesday Blitz February 07 Late 2023"]
[White "Jesusesmifuerza"]
[Black "Winkels, Marcel"]
[BlackFideId "1003887"]
[WhiteElo "2043"]
[BlackElo "1960"]
[Result "1-0"]
[Round "07"]
[TimeControl "180+2"]
[Date "2023.02.07"]
[WhiteClock "0:01:04"]
[BlackClock "0:00:01"]

1. d4 Nf6 2. Nc3 d5 3. Bf4 a6 4. e3 g6 5. h3 Bg7 6. Nf3 O-O 7. Bd3 Nbd7 8. b4 c6 9. O-O a5 10. a3 axb4 11. axb4 Rxa1 12. Qxa1 Nh5 13. Bh2 Re8 14. Na4 e5 15. Nc5 e4 16. Bxe4 dxe4 17. Nd2 Nxc5 18. bxc5 Qg5 19. Kh1 f5 20. Qa2+ Be6 21. Qa7 Qe7 22. Bd6 Qd7 23. Rb1 f4 24. Rxb7 Qc8 25. Bxf4 Qa8 26. Qb6 Qa1+ 27. Kh2 Nxf4 28. exf4 Qxd4 29. Qxc6 Qxd2 30. Qxe8+ Bf8 31. Qxe6+ Kh8 32. Qf7 Bxc5 33. Qxh7# 1-0


[Site "https://www.chess.com"]

[Event "Titled Tuesday Blitz February 07 Late 2023"]
[White "Souza, Gustavo Horokoski De"]
[Black "Dushyant Sharma"]
[WhiteFideId "2146584"]
[BlackFideId "25065130"]
[WhiteElo "1943"]
[BlackElo "2355"]
[Result "1/2-1/2"]
[Round "07"]
[TimeControl "180+2"]
[Date "2023.02.07"]
[WhiteClock "0:00:06"]
[BlackClock "0:00:25"]

1. d4 d5 2. c4 e6 3. Nc3 Be7 4. cxd5 exd5 5. Nf3 c6 6. Bf4 Nf6 7. e3 O-O 8. Bd3 Be6 9. h3 Nbd7 10. O-O Rc8 11. Rc1 Re8 12. a3 Nf8 13. b4 Ng6 14. Bh2 Bd6 15. Bxd6 Qxd6 16. Qb3 Ne4 17. b5 f5 18. bxc6 bxc6 19. Na4 f4 20. Nc5 Bf7 21. Nb7 Qc7 22. Nc5 Nxc5 23. Rxc5 fxe3 24. fxe3 Rxe3 25. Qc2 Nf4 26. Bxh7+ Kh8 27. Ne5 Rxe5 28. dxe5 Qxe5 29. Qf2 Ne2+ 30. Kh1 Ng3+ 31. Kg1 Ne2+ 32. Kh1 Ng3+ 33. Kg1 Nxf1 34. Qxf7 Kxh7 35. Qxf1 Qe3+ 36. Qf2 Qxf2+ 37. Kxf2 Kg6 38. Ke3 Kf6 39. Kd4 Ke6 40. g4 Kd6 41. Rc1 Rb8 42. Rc3 Rb1 43. Rf3 c5+ 44. Kc3 Ke5 45. Rf5+ Ke4 46. Rf7 d4+ 47. Kc2 Rh1 48. Rxg7 Rxh3 49. Rxa7 c4 50. Ra4 Kd5 51. Ra5+ Ke4 52. Ra4 c3 53. Rb4 Ke3 54. a4 Rg3 55. a5 Rxg4 56. Rb8 Rg5 57. Re8+ Kf2 58. Kd3 Rg4 59. Re2+ Kf1 60. Re5 Rg8 61. a6 Ra8 62. Kxd4 Rxa6 63. Rc5 Rd6+ 64. Kc4 Ke1 65. Kxc3 Kd1 66. Kc4 Kc2 67. Rd5 Rc6+ 68. Kd4 Rh6 69. Re5 Rh4+ 70. Kd5 Kd3 71. Rf5 Rd4+ 72. Ke5 Ra4 73. Rf1 Ra5+ 74. Kd6 Ra2 75. Rf3+ Kc2 76. Rh3 Kb2 77. Rh2+ Ka3 78. Rxa2+ Kxa2 1/2-1/2


[Site "https://www.chess.com"]

[Event "Titled Tuesday Blitz February 07 Late 2023"]
[White "Ardila, Oscar Humberto"]
[Black "Womacka, Mathias"]
[WhiteFideId "4404742"]
[BlackFideId "4611390"]
[WhiteElo "1982"]
[BlackElo "2396"]
[Result "0-1"]
[Round "07"]
[TimeControl "180+2"]
[Date "2023.02.07"]
[WhiteClock "0:01:01"]
[BlackClock "0:01:10"]

1. d4 Nf6 2. c4 e6 3. Nc3 Bb4 4. Bd2 c5 5. dxc5 O-O 6. Nf3 Nc6 7. e3 Bxc5 8. Be2 b6 9. O-O Bb7 10. Rc1 Rc8 11. Nb5 a6 12. Nc3 Qc7 13. Na4 Be7 14. c5 b5 15. Nb6 Rcd8 16. b4 d6 17. Nd4 dxc5 18. Nxc6 Bxc6 19. bxc5 Ne4 20. Rc2 Nxd2 21. Rxd2 Rxd2 22. Qxd2 Bxc5 23. Rc1 Qxb6 24. Qc3 Rc8 25. Qxc5 Qxc5 26. Rxc5 Bd7 27. Rxc8+ Bxc8 28. Kf1 Kf8 29. Ke1 Ke7 30. Kd2 Kd6 31. Kc3 Kc5 32. a3 e5 33. Bd3 h6 34. f4 exf4 35. exf4 a5 36. Be4 Be6 37. g3 Bd5 38. Bd3 b4+ 39. axb4+ axb4+ 40. Kb2 Kd4 41. Bb5 Ke3 42. f5 Kf3 43. Kc2 Kg2 44. Kd2 Kxh2 45. g4 Kg3 46. Be2 Bf3 47. Bc4 Bxg4 48. Bxf7 Bxf5 49. Ke3 g6 50. Kd4 h5 51. Ke5 h4 0-1


[Site "https://www.chess.com"]